 Dungeon Crawl Stone Soup version 0.23-a0-375-g66a18ee (webtiles) character file.

145 galech the Skirmisher (level 5, 41/41 HPs)
             Began as a Demonspawn Fighter on Oct 26, 2018.
             Quit the game on level 3 of the Dungeon.
             The game lasted 00:02:23 (2211 turns).

galech the Skirmisher (Demonspawn Fighter)          Turns: 2211, Time: 00:02:24

Health: 41/41      AC: 11    Str: 16    XL:     5   Next: 6%
Magic:  5/5        EV:  4    Int:  9    God:
Gold:   87         SH:  9    Dex: 14    Spells: 4/4 levels left

rFire    . . .     SeeInvis .   a - +0 war axe
rCold    . . .     Gourm    .   c - +0 shield
rNeg     . . .     Faith    .   m - +0 plate armour
rPois    .         Spirit   .   (helmet restricted)
rElec    .         Reflect  .   (no cloak)
rCorr    .         Harm     .   (no gloves)
MR       .....                  (no boots)
Stlth    ..........             (no amulet)
HPRegen  0.13/turn              (no ring)
MPRegen  0.09/turn              (no ring)

@: no status effects
A: horns 1, nightstalker 1, sturdy frame 1
a: no special abilities


You were on level 3 of the Dungeon.
You were very hungry.

You visited 1 branch of the dungeon, and saw 3 of its levels.

You collected 87 gold pieces.

Inventory:

Hand Weapons
 a - a +0 war axe (weapon)
Armour
 c - a +0 shield (worn)
 m - a +0 plate armour (worn)
Scrolls
 b - a scroll of fog {unknown}
 e - 3 scrolls of identify {unknown}
 g - a scroll of teleportation {unknown}
 i - a scroll of enchant weapon {unknown}
 j - a scroll of amnesia {unknown}
 k - 2 scrolls of remove curse {unknown}
 l - a scroll of fear {unknown}
Potions
 d - a potion of might
Comestibles
 f - 7 rations


   Skills:
 + Level 3.5 Fighting
 + Level 3.2 Axes
 + Level 3.3 Armour
 + Level 0.3 Dodging
 + Level 3.4 Shields


You had 4 spell levels left.
You didn't know any spells.
Your spell library was empty.

Dungeon Overview and Level Annotations

Branches:
Dungeon (3/15)

Altars:
Trog


Innate Abilities, Weirdness & Mutations

You have a pair of small horns on your head.
You are slightly more attuned to the shadows.
Your movements are slightly less encumbered by armour. (ER -2)


Message History

You block the bat's attack. You block the bat's attack.
The bat hits you but does no damage. The bat hits you but does no damage.
You block the bat's attack.
You slash the bat!
You kill the bat!
No target in view!
No target in view!
No target in view!
No target in view!
No target in view!
No target in view!
No target in view!
No target in view!
No target in view!
No target in view!
No target in view!
No target in view!
No target in view!
Are you sure you want to abandon this character and quit the game? (Confirm

##.... #..##8. # ...#.#
#..##.. .# #.#.# #..#_.
.> #...###..## #
####...##..# #
#....[....##
#...?.@....############
........................
##............#.........
#.........#####........
#........## ##.....#.
##.......# ########
#.......# ..


There were no monsters in sight!

Vanquished Creatures
  A bullfrog skeleton (D:3)
  Robin (D:2)
  3 gnolls
  2 adders
  2 dart slugs
  5 bats
  2 giant cockroaches (D:1)
  13 goblins
  10 hobgoblins
  6 kobolds
  8 rats
53 creatures vanquished.

Notes
Turn   | Place    | Note
-------+----------+-------------------------------------------
     0 | D:1      | galech the Demonspawn Fighter began the quest for the Orb.
     0 | D:1      | Reached XP level 1. HP: 18/18 MP: 1/1
   197 | D:1      | Gained mutation: Your movements are slightly less
                  | encumbered by armour. (ER -2) [demonic ancestry]
   197 | D:1      | Reached XP level 2. HP: 24/24 MP: 2/2
   660 | D:1      | Gained mutation: You have a pair of small horns on your
                  | head. [demonic ancestry]
   660 | D:1      | Reached XP level 3. HP: 11/29 MP: 3/3
  1048 | D:2      | Noticed Robin
  1056 | D:2      | Killed Robin
  1065 | D:2      | Reached XP level 4. HP: 19/35 MP: 4/4
  1852 | D:3      | Gained mutation: You are slightly more attuned to the
                  | shadows. [demonic ancestry]
  1852 | D:3      | Reached XP level 5. HP: 19/41 MP: 5/5
  2204 | D:3      | Found a bloodstained altar of Trog.
  2211 | D:3      | Quit the game

Vault maps used:
D:1:      denvon_arrival_waterhouse, hangedman_decor_clover_reticule,
          st_stairs_10
D:2:      first_ration, uniq_robin
D:3:      lemuel_coloured_pillars_altar, nicolae_overflow_hidden_temple,
          tgw_xom, overflow_temple_1_default

Skill      XL: |  1  2  3  4 |
---------------+-------------+-----
Axes           | 2 3 |  3.2
Shields        | 3 |  3.4
Armour         | 3 |  3.3
Fighting       | |  3.5
Dodging        | |  0.3

Action                   |  1- 3 |  4- 6 || total
-------------------------+-------+-------++-------
Melee: War axe           |    94 |    44 ||   138
       Headbutt          |     3 |    10 ||    13
  Use: Potion            |     2 |     1 ||     3
  Eat: Chunk             |     1 |     2 ||     3
Armor: Scale mail        |    45 |    12 ||    57
       Skin              |     8 |       ||     8
       Plate armour      |       |    22 ||    22
Dodge: Dodged            |    42 |    11 ||    53
Block: Shield            |    55 |    31 ||    86

Table legend:
 A = Non-vault XP
 B = Vault XP
 C = Vault XP percentage of total XP
 D = Non-vault monster count
 E = Vault monster count
 F = Vault count percentage of total count
                 A         B        C        D         E       F
            +---------+---------+-------+---------+---------+-------
      Total |     167 |      41 |  19.7 |      38 |      15 |  28.3
            +---------+---------+-------+---------+---------+-------
        D:1 |      58 |      14 |  19.4 |      20 |       8 |  28.6
        D:2 |      63 |      27 |  30.0 |      14 |       7 |  33.3
        D:3 |      46 |       0 |   0.0 |       4 |       0 |   0.0
            +---------+---------+-------+---------+---------+-------
